 Dungeon Sprint DCSS version 0.31-a0-845-g9abc20d24f (webtiles) character file.

Game seed: 10197894084240770466

50941 sircluck the Wrestler (level 14, -7/169 HPs)
             Began as a Troll Berserker on Oct 2, 2023.
             Was a High Priest of Trog.
             Killed from afar by a deep elf annihilator (64 damage)
             ... with a crystal spear
             ... in the Dungeon (Sprint VII: "The Pits").
             The game lasted 00:12:56 (2968 turns).

sircluck the Wrestler (Troll Berserker)             Turns: 2968, Time: 00:12:56

Health: -7/169     AC: 26    Str: 32    XL:     14   Next: 21%
Magic:  13/13      EV: 17    Int:  3    God:    Trog [*****.]
Gold:   22         SH: 13    Dex: 15    Spells: 13/13 levels left

rFire   . .          .
                       - Unarmed
rCold   . . .        C - +2 tower shield
rNeg    . . .        H - +3 storm dragon scales
rPois   .            D - +2 hood of the Assassin {Detect Stab+ Stlth++}
rElec   +            o - +1 cloak of Starlight {*Dazzle EV+4 Stlth--}
rCorr   .            (gloves unavailable)
SInv    .            (boots unavailable)
Will    +....        (no amulet) Stlth
                     g - +3 ring of dexterity
HPRegen 1.28/turn    k - +3 ring of dexterity
MPRegen 0.13/turn

%: no teleportation
@: no status effects
A: large, unfitting armour, claws 3, regeneration 1, shaggy fur 1, tough skin 1
a: Renounce Religion, Berserk, Trog's Hand, Brothers in Arms


You were in the Dungeon.
You worshipped Trog.
Trog was extremely pleased with you.
You visited 1 branch You collected 22 gold pieces.

Inventory:

Missiles
 y - 2 throwing nets
Armour
 a - a +0 animal skin
 m - a +0 cloak
 n - +0 swamp dragon scales
 o - the +1 cloak of Starlight (worn) {*Dazzle EV+4 Stlth--}
   (You found it in the Dungeon)

   *Dazzle:   It may blind those who miss an attack against the wearer in melee
   combat.
   EV+4:      It affects your evasion (+4).
   Stlth--:   It makes you much less stealthy.
 v - +1 pearl dragon scales
 C - a +2 tower shield (worn)
 D - the +2 hood of the Assassin (worn) {Detect Stab+ Stlth++}
   (You found it in the Dungeon)

   Detect:    It allows the wearer to sense nearby creatures.
   Stab+:     It allows the wearer to make particularly effective stabbing
   attacks against helpless or unaware enemies with any weapon.
   Stlth++:   It makes you much more stealthy.
 E - a +1 cloak
 F - +2 gold dragon scales
 G - +4 ice dragon scales
 H - +3 storm dragon scales (worn)
Jewellery
 g - a +3 ring of dexterity (left claw)
 k - a +3 ring of dexterity (right claw)
 r - a ring of poison resistance
 w - a ring of protection from cold
 x - a ring of see invisible
 A - the ring "Botyaf" {rF+ Will+ Str+4 Dex+6}
   (You took it off a deep elf death mage in the Dungeon)

   [ring of dexterity]

   Str+4:     It affects your strength (+4).
   Dex+6:     It affects your dexterity (+6).
   rF+:       It protects you from fire.
   Will+:     It increases your willpower.
 B - a ring of ice
Wands
 z - a wand of flame (10)
Scrolls
 i - 2 scrolls of vulnerability
 j - a scroll of summoning
 p - a scroll of torment
 q - a scroll of fog
 s - 4 scrolls of enchant weapon
 t - 5 scrolls of identify
 u - 4 scrolls of enchant armour
Potions
 b - 7 potions of curing
 c - 11 potions of heal wounds
 d - 4 potions of haste
 e - 4 potions of magic
 f - 4 potions of berserk rage
 h - 2 potions of invisibility
 l - 3 potions of mutation


   Skills:
 + Level 18.2 Fighting
 + Level 14.7 Armour
 + Level 18.1 Dodging
 + Level 21.2 Unarmed Combat


You had 13 spell levels left.
You didn't know any spells.
Your spell library was empty.

Dungeon Overview and Level Annotations

Branches:
Dungeon (1/1)

Altars:
Ashenzari
Cheibriados
Dithmenos
Elyvilon
Fedhas
Gozag
Hepliaklqana
Kikubaaqudgha
Makhleb
Nemelex Xobeh
Okawaru
Qazlal
Ru
Sif Muna
Trog
Uskayaw
Vehumet
Wu Jian
Xom
Yredelemnul
Zin
The Shining One
Jiyva
Lugonu


Innate Abilities, Weirdness & Mutations

You are too large for most types of armour.
You have claws for hands.
Your natural rate of healing is unusually fast.
You are covered in fur. (AC +1)
You have tough skin. (AC +1)


Message History

The deep elf annihilator casts a spell.
The deep elf annihilator blinks!
The white draconian hits you but does no damage.
You claw the white draconian!
The white draconian is moderately wounded.
You scratch the white draconian but do no damage.
The white draconian is moderately wounded.
The white draconian misses you.
The deep elf annihilator points at you and mumbles some strange words.
The crystal spear hits you!!!
You mangle the white draconian!!
The white draconian is heavily wounded.
The white draconian barely misses you.
The deep elf annihilator mumbles some strange words.
The deep elf annihilator blinks!
You claw the white draconian!
The white draconian is severely wounded.
The white draconian hits you but does no damage.
The deep elf high priest calls down the wrath of its god upon you.
Something smites you!
The deep elf annihilator points at you and mumbles some strange words.
The iron shot hits you!!!
* * * LOW HITPOINT WARNING * * *
You are too injured to fight recklessly!
You are too injured to fight recklessly!
You are too injured to fight recklessly!
You are too injured to fight recklessly!
You are too injured to fight recklessly!
You are too injured to fight recklessly!
You are too injured to fight recklessly!
You are too injured to fight recklessly!
You are too injured to fight recklessly!
You feel much better.
The naga mage gestures wildly while chanting.
The naga mage seems to speed up.
The deep elf high priest hits you but does no damage.
The white draconian hits you with a +0 long sword.
The deep elf annihilator points at you and mumbles some strange words.
The crystal spear hits you!!!
You die...

{ {{ {
################+#
)))).............#
)))............††#
'##############..#
...#[[[.#.[#[[#..#
)).##''##[[#[[#..#
.).#....#.....#e@#
)###....####..#ed#
...........'..#..#
........####..#N)#
..####..#.....#.)#
..#..#..#..#.[#..#
.##..'..#[[#[[#..#
###############'e#
#''#


You could see a white draconian, 2 deep elf annihilators, a deep elf high priest
(brilliance aura) and a naga mage (fast, empowered).

Vanquished Creatures
  A death cob (D)
  A daeva (D)
  A deep elf sorcerer (D)
  A war gargoyle (D)
  An orc warlord (D)
  A vampire knight (D)
  A green draconian (D)
  A dire elephant (D)
  A yaktaur captain (D)
  2 vault guards (D)
  A catoblepas (D)
  An anaconda (D)
  3 naga warriors (D)
  A boulder beetle (D)
  A death yak (D)
  2 hell hogs (D)
  A deep elf knight (D)
  A sun demon (D)
  2 shadow wraiths (D)
  5 skeletal warriors (D)
  A sea snake (D)
  A swamp dragon (D)
  2 deep elf zephyrmancers (D)
  A phantasmal warrior (D)
  A necromancer (D)
  A wizard (D)
  7 orc knights (D)
  An ugly thing (D)
  A smoke demon (D)
  A gargoyle (D)
  A rime drake (D)
  A komodo dragon (D)
  An ice devil (D)
  A wind drake (D)
  2 hellwings (D)
  2 hornets (D)
  A tyrant leech (D)
  A flying skull (D)
  4 spriggans (D)
  A culicivora (D)
  A chaos spawn (D)
  A fire bat (D)
  4 redbacks (D)
  4 vampire mosquitoes (D)
  An ogre (D)
  A bullfrog (D)
  A scorpion (D)
  4 wights (D)
  A crimson imp (D)
  An iron imp (D)
  A jelly (D)
  A hell rat (D)
  An iguana (D)
  2 mummies (D)
  A gnoll (D)
  A river rat (D)
  A white imp (D)
  2 ufetubi (D)
  An adder skeleton (D)
  An adder zombie (D)
  2 bats (D)
  A bat skeleton (D)
  3 endoplasms (D)
  A giant cockroach (D)
  A ball python simulacrum (D)
  A ball python zombie (D)
  A frilled lizard (D)
  A jackal zombie (D)
  A quokka skeleton (D)
  A rat (D)
105 creatures vanquished.

Vanquished Creatures (collateral kills)
  A fire giant (D)
  A balrug (D)
  An emperor scorpion (D)
  An orc warlord (D)
  A lorocyproca (D)
  A deep elf death mage (D)
  A merfolk impaler (D)
  Harold (D)
  A vault guard (D)
  A death knight (D)
  A naga warrior (D)
  2 demonic crawlers (D)
  A hell hog (D)
  A soul eater (D)
  A shadow wraith (D)
  A deep elf knight (D)
  A deep troll (D)
  A wizard (D)
  A phantasmal warrior (D)
  2 orc knights (D)
  A necromancer (D)
  A cyclops (D)
  An elephant (D)
  An orange demon (D)
  An eye of devastation (D)
  An unseen horror (D)
  2 freezing wraiths (D)
  An ice devil (D)
  A troll (D)
  4 merfolk (D)
  Prince Ribbit (D)
  A slime creature (D)
  A shadow (D)
  A vampire (D)
  A water elemental (D)
  A wraith (D)
  A basilisk (D)
  4 vampire mosquitoes (D)
  A redback (D)
  A sky beast (D)
  An earth elemental (D)
  5 wights (D)
  2 quasits (D)
  A gnoll (D)
  An ufetubus (D)
  An adder zombie (D)
  A ball python (D)
  A ball python zombie (D)
  A quokka zombie (D)
63 creatures vanquished.

Vanquished Creatures (others)
  A hydra (D)
  A wizard (D)
2 creatures vanquished.

Grand Total: 170 creatures vanquished

Notes
Turn   | Place    | Note
-------+----------+-------------------------------------------
     0 | D        | sircluck the Troll Berserker began the quest for the Orb.
     0 | D        | Reached XP level 1. HP: 22/22 MP: 0/0
    24 | D        | Found a bloodstained altar of Trog.
    24 | D        | Found a shimmering blue altar of Sif Muna.
    24 | D        | Found a viscous altar of Jiyva.
    24 | D        | Found a hazy altar of Hepliaklqana.
    24 | D        | Found an opulent altar of Gozag.
    25 | D        | Found a glowing golden altar of the Shining One.
    25 | D        | Found a glowing silver altar of Zin.
    25 | D        | Found a basalt altar of Yredelemnul.
    25 | D        | Found a shimmering altar of Xom.
    25 | D        | Found an ornate altar of the Wu Jian Council.
    25 | D        | Found a sacrificial altar of Ru.
    25 | D        | Found a stormy altar of Qazlal.
    25 | D        | Found an iron altar of Okawaru.
    25 | D        | Found a sparkling altar of Nemelex Xobeh.
    25 | D        | Found a burning altar of Makhleb.
    25 | D        | Found a blossoming altar of Fedhas.
    25 | D        | Found a white marble altar of Elyvilon.
    25 | D        | Found a shadowy altar of Dithmenos.
    25 | D        | Found a snail-covered altar of Cheibriados.
    27 | D        | Found a radiant altar of Vehumet.
    27 | D        | Found a corrupted altar of Lugonu.
    28 | D        | Found a hide-covered altar of Uskayaw.
    28 | D        | Found an ancient bone altar of Kikubaaqudgha.
    28 | D        | Found a broken altar of Ashenzari.
    65 | D        | Noticed a scorpion
    69 | D        | Killed a scorpion
    70 | D        | Reached skill level 5 in Unarmed Combat
    70 | D        | Reached XP level 2. HP: 32/32 MP: 1/1
    70 | D        | Reached XP level 3. HP: 39/39 MP: 2/2
    74 | D        | Reached ** piety under Trog
    99 | D        | Noticed a wight
   100 | D        | Noticed a wight
   100 | D        | Noticed a wight
   100 | D        | Noticed a wight
   105 | D        | Killed a wight
   106 | D        | Reached skill level 5 in Fighting
   106 | D        | Reached skill level 5 in Dodging
   106 | D        | Reached skill level 6 in Unarmed Combat
   106 | D        | Reached XP level 4. HP: 50/50 MP: 3/3
   106 | D        | Reached *** piety under Trog
   110 | D        | Reached XP level 5. HP: 59/59 MP: 4/4
   112 | D        | Reached skill level 7 in Unarmed Combat
   115 | D        | Reached **** piety under Trog
   120 | D        | Reached XP level 6. HP: 48/68 MP: 5/5
   170 | D        | Noticed a flying skull
   185 | D        | Reached skill level 8 in Unarmed Combat
   188 | D        | Reached ***** piety under Trog
   197 | D        | Killed a flying skull
   198 | D        | Reached skill level 9 in Unarmed Combat
   219 | D        | Reached XP level 7. HP: 79/79 MP: 6/6
   246 | D        | Noticed a death yak
   246 | D        | Noticed a hellwing
   266 | D        | Killed a death yak
   267 | D        | Reached skill level 10 in Unarmed Combat
   267 | D        | Reached XP level 8. HP: 40/92 MP: 7/7
   269 | D        | Reached ****** piety under Trog
   269 | D        | Received a gift from Trog
   270 | D        | Reached skill level 11 in Unarmed Combat
   272 | D        | Killed a hellwing
   399 | D        | Reached skill level 10 in Fighting
   400 | D        | Reached skill level 10 in Dodging
   415 | D        | Noticed a demonic crawler
   425 | D        | Noticed a gargoyle
   426 | D        | Noticed a swamp dragon
   431 | D        | Killed a swamp dragon
   432 | D        | Reached skill level 12 in Unarmed Combat
   432 | D        | Reached XP level 9. HP: 69/102 MP: 8/8
   437 | D        | Received a gift from Trog
   438 | D        | Killed a shadow wraith
   439 | D        | Reached skill level 13 in Unarmed Combat
   440 | D        | Killed a gargoyle
   513 | D        | Found the +1 cloak of Starlight {*Dazzle EV+4 Stlth--}
   513 | D        | Noticed a death knight
   513 | D        | Noticed a sun demon
   514 | D        | Noticed a sea snake
   514 | D        | Noticed a freezing wraith
   523 | D        | Killed a death knight
   528 | D        | Killed a freezing wraith
   529 | D        | Reached XP level 10. HP: 74/115 MP: 9/9
   533 | D        | Killed a sea snake
   534 | D        | Reached skill level 14 in Unarmed Combat
   541 | D        | Killed a sun demon
   603 | D        | Killed a shadow wraith
   612 | D        | Noticed a deep elf zephyrmancer
   619 | D        | Killed a deep elf zephyrmancer
   619 | D        | Received a gift from Trog
   620 | D        | Reached skill level 5 in Armour
   642 | D        | Noticed a phantasmal warrior
   647 | D        | Killed a phantasmal warrior
   659 | D        | Killed a demonic crawler
   660 | D        | Reached skill level 15 in Unarmed Combat
   660 | D        | Killed a shadow wraith
   661 | D        | Reached XP level 11. HP: 110/127 MP: 10/10
   680 | D        | Noticed a demonic crawler
   680 | D        | Noticed a phantasmal warrior
   687 | D        | Killed a demonic crawler
   688 | D        | Killed a phantasmal warrior
   693 | D        | Received a gift from Trog
   703 | D        | Noticed Prince Ribbit
   704 | D        | Killed Prince Ribbit
   704 | D        | Received a gift from Trog
   714 | D        | Reached skill level 16 in Unarmed Combat
   907 | D        | Noticed Harold
   912 | D        | Killed Harold
   912 | D        | Received a gift from Trog
   994 | D        | Noticed a deep elf zephyrmancer
  1020 | D        | Killed a deep elf zephyrmancer
  1066 | D        | Noticed a death cob
  1066 | D        | Noticed an anaconda
  1071 | D        | Killed a death cob
  1072 | D        | Killed an anaconda
  1074 | D        | Received a gift from Trog
  1270 | D        | Noticed a fire giant
  1272 | D        | Noticed a necromancer
  1289 | D        | Killed a fire giant
  1289 | D        | Received a gift from Trog
  1290 | D        | Reached skill level 17 in Unarmed Combat
  1290 | D        | Reached XP level 12. HP: 140/140 MP: 11/11
  1359 | D        | Received a gift from Trog
  1387 | D        | Reached skill level 15 in Fighting
  1387 | D        | Reached skill level 10 in Armour
  1504 | D        | Noticed a balrug
  1504 | D        | Noticed a vampire knight
  1504 | D        | Noticed a war gargoyle
  1505 | D        | Received a gift from Trog
  1510 | D        | Killed a balrug
  1511 | D        | Reached skill level 15 in Dodging
  1516 | D        | Killed a war gargoyle
  1522 | D        | Killed a vampire knight
  1522 | D        | Received a gift from Trog
  1523 | D        | Reached skill level 18 in Unarmed Combat
  1687 | D        | Noticed an emperor scorpion
  1688 | D        | Noticed a merfolk impaler
  1689 | D        | Identified the ring "Botyaf" {rF+ Will+ Str+4 Dex+6}
  1689 | D        | Noticed a deep elf death mage
  1694 | D        | Killed a deep elf death mage
  1696 | D        | Killed a ghostly deep elf death mage
  1696 | D        | Noticed a vault guard
  1698 | D        | Received a gift from Trog
  1700 | D        | Killed a vault guard
  1713 | D        | Killed an emperor scorpion
  1714 | D        | Noticed an eight-headed hydra
  1716 | D        | Killed a merfolk impaler
  1717 | D        | Reached XP level 13. HP: 115/152 MP: 12/12
  1728 | D        | Received a gift from Trog
  1731 | D        | Killed a lorocyproca
  1732 | D        | Reached skill level 19 in Unarmed Combat
  1739 | D        | Identified the +11 demon trident "Darol" {flame, rN+ Will+
                  | Str+6 Dex-3} (Trog gifted it to you in the Dungeon)
  1739 | D        | Received a gift from Trog
  1996 | D        | Noticed an orc warlord
  1997 | D        | Noticed an orc warlord
  2002 | D        | Killed an orc warlord
  2009 | D        | Killed an orc warlord
  2015 | D        | Received a gift from Trog
  2033 | D        | Reached skill level 20 in Unarmed Combat
  2035 | D        | Received a gift from Trog
  2051 | D        | Noticed a daeva
  2060 | D        | Killed a daeva
  2189 | D        | Received a gift from Trog
  2343 | D        | Reached XP level 14. HP: 97/167 MP: 13/13
  2353 | D        | Received a gift from Trog
  2468 | D        | Found the +2 hood of the Assassin {Detect Stab+ Stlth++}
  2822 | D        | Noticed a deep elf sorcerer
  2838 | D        | Reached skill level 21 in Unarmed Combat
  2876 | D        | Noticed a sphinx
  2957 | D        | Killed a deep elf sorcerer
  2968 | D        | Killed from afar by a deep elf annihilator

Illustrated notes

Levels and vault maps discovered:
D:        pitsprint [storerooms_1, entrance_room_1, metal_vault_1, armoury_1,
          mini_pit_1, grid_room_1, main_hall_1, silver_pit, the_coven_2,
          the_vestibule_1, steel_vault_2, golden_pit, hallway_of_sentries,
          crystal_vault_3, iron_vault_3, final_vault]

Skill      XL: |  1  2  3  4  5  6  7  8  9 10 11 12 13 14 |
---------------+-------------------------------------------+-----
Fighting       | 4 5 6 7 9 10 11 13 14 16 17 18 | 18.2
Dodging        | 4 5 6 7 9 10 11 13 14 15 17 18 | 18.1
Unarmed Combat | 5 6 7 9 10 12 13 15 17 18 20 21 | 21.2
Armour         | 2 6 9 11 14 | 14.7

Action                     |  1- 3 |  4- 6 |  7- 9 | 10-12 | 13-15 || total
---------------------------+-------+-------+-------+-------+-------++-------
  Melee: Unarmed           |    19 |    26 |    45 |   101 |   139 ||   330
         Punch             |     2 |     3 |     4 |     8 |     7 ||    24
 Invoke: Berserk           |     1 |       |     2 |     4 |     1 ||     8
         Brothers in Arms  |       |       |     2 |    10 |     6 ||    18
    Use: Potion            |       |       |     1 |       |     8 ||     9
         Scroll            |       |       |     1 |       |       ||     1
   Stab: Invisible         |       |       |       |     5 |     4 ||     9
         Distracted        |       |       |       |       |     1 ||     1
 Armour: Animal skin       |    13 |     4 |    33 |       |       ||    50
         Swamp dragon scal |       |       |       |    14 |       ||    14
         Pearl dragon scal |       |       |       |    65 |    84 ||   149
         Storm dragon scal |       |       |       |       |    18 ||    18
  Dodge: Dodged            |    19 |    11 |    25 |    86 |    62 ||   203
  Block: Tower shield      |       |       |       |       |    36 ||    36

Table legend: (Time is in decaauts)
 A = Elapsed time spent in this place.
 B = Non-inter-level travel time spent in this place.
 C = Inter-level travel time spent in this place.
 D = Time resting spent in this place.
 E = Time spent auto-exploring this place.
 F = Levels seen in this place.
 G = Mean time per level.
                   A        B        C        D        E       F      G
               +--------+--------+--------+--------+--------+-----+--------+
         Total |   2978 |   2731 |    247 |    864 |    237 |   1 | 2978.0 |
       Dungeon |   2978 |   2731 |    247 |    864 |    237 |   1 | 2978.0 |
               +--------+--------+--------+--------+--------+-----+--------+

Top non-repeatable levels by time:
       D: 2978 daAuts
